 Dungeon Crawl Stone Soup version 0.28-a0-1382-g92835e5c71 (webtiles) character file.

Game seed: 1699643190724366113

9360 Gildeon the Basher (level 11, 0/69 HPs)
             Began as a Gargoyle Fighter on Dec 31, 2021.
             Was an Elder of Ashenzari.
             Slain by a boulder beetle (42 damage)
             ... on level 10 of the Dungeon on Jan 1, 2022.
             The game lasted 00:37:43 (11896 turns).

Gildeon the Basher (Gargoyle Fighter)              Turns: 11896, Time: 00:37:44

Health: 0/69       AC: 25    Str: 30    XL:     11   Next: 45%
Magic:  11/11      EV:  9    Int:  9    God:    Ashenzari [****..]
Gold:   412        SH:  5    Dex:  9    Spells: 11/22 levels left

rFire   . . .      SeeInvis +   h - +10 spear of Ashenzari's Dismay {drain, Contam *Rage rC+++ Str+6, Alch, Elem} (curse)
rCold   + + +      Faith    .   c - +0 buckler "Gloom of Ashenzari" {Cun, Self} (curse)
rNeg    + + +      Spirit   .   D - +0 plate armour
rPois   ∞          Reflect  .   g - +1 helmet of Ashenzari's Anxiety {rElec rN+++ MP-9 SInv, Alch, Melee} (curse)
rElec   +          Harm     .   u - +0 cloak
rCorr   .          Rampage  .   (no gloves)
Will    ++...      Clarity  +   s - +0 pair of boots
Stlth   ..........              C - amulet "Profound Regret" {RegenMP, Evo, Self} (curse)
HPRegen 0.21/turn               m - ring of the Mantic Stars {Will+, Comp, Elem} (curse)
MPRegen 0.52/turn               o - ring of Ashenzari's Yoke {Will+, Cun, Bglg} (curse)

@: no status effects
A: sickness immunity, AC +8, negative energy resistance 1, electricity
resistance, torment resistance 1, petrification resistance
a: Renounce Religion, Shatter the Chains


You were on level 10 of the Dungeon.
You worshipped Ashenzari.
Ashenzari was greatly pleased with you.
You visited 2 branches of the dungeon, and saw 11 of its levels.
You also visited: Sewer.

You collected 412 gold pieces.

Inventory:

Hand Weapons
 h - the cursed +10 spear of Ashenzari's Dismay (weapon) {drain, Contam *Rage rC+++ Str+6, Alch, Elem}
   (You found it on level 7 of the Dungeon)

   A truly terrible weapon, it drains the life of any living foe it strikes.
   Str:       It affects your strength (+6).
   rC:        It renders you almost immune to cold.
   *Rage:     It berserks you when you make melee attacks (+20% chance).
   Contam:    It causes magical contamination when unequipped.
   It has a curse which improves the following skills: Alchemy: Poison Magic and
   Transmutations.
   Elements:  Fire Magic, Ice Magic, Air Magic and Earth Magic.
 A - a +2 morningstar
Missiles
 y - 214 stones (quivered)
Armour
 c - the cursed +0 buckler "Gloom of Ashenzari" (worn) {Cun, Self}

   It has a curse which improves the following skills: Cunning: Dodging and
   Stealth.
   Introspection: Fighting and Spellcasting.
 g - the cursed +1 helmet of Ashenzari's Anxiety (worn) {rElec rN+++ MP-9 SInv, Alch, Melee}
   (You acquired it on level 7 of the Dungeon)

   rElec:     It insulates you from electricity.
   rN:        It renders you almost immune to negative energy.
   MP:        It affects your magic capacity (-9).
   SInv:      It lets you see invisible.
   It has a curse which improves the following skills: Alchemy: Poison Magic and
   Transmutations.
   Melee Combat: Short Blades, Long Blades, Axes, Maces & Flails, Polearms,
   Staves and Unarmed Combat.
 s - a +0 pair of boots (worn)
 u - a +0 cloak (worn)
 D - a +0 plate armour (worn)
Jewellery
 m - the cursed ring of the Mantic Stars (left hand) {Will+, Comp, Elem}
   (You found it on level 9 of the Dungeon)

   [ring of willpower]

   Will:      It increases your willpower.
   It has a curse which improves the following skills: Companions: Summonings
   and Necromancy.
   Elements:  Fire Magic, Ice Magic, Air Magic and Earth Magic.
 o - the cursed ring of Ashenzari's Yoke (right hand) {Will+, Cun, Bglg}
   (You found it on level 8 of the Dungeon)

   [ring of willpower]

   Will:      It increases your willpower.
   It has a curse which improves the following skills: Cunning: Dodging and
   Stealth.
   Beguiling: Conjurations, Hexes and Translocations.
 C - the cursed amulet "Profound Regret" (around neck) {RegenMP, Evo, Self}
   (You found it on level 5 of the Dungeon)

   [amulet of magic regeneration]

   It increases your rate of magic regeneration.
   It has a curse which improves the following skills: Evocations: Evocations.
   Introspection: Fighting and Spellcasting.
Wands
 l - a wand of paralysis (14)
 B - a wand of flame (7)
 E - a wand of mindburst (10)
Scrolls
 b - 4 scrolls of blinking
 i - a scroll of magic mapping
 j - a scroll of enchant armour
 k - 10 scrolls of identify
 n - a scroll of holy word
 p - 5 scrolls of teleportation
 r - a scroll of fear
 v - a scroll of fog
 z - 2 scrolls of amnesia
Potions
 a - a potion of brilliance
 d - 3 potions of might
 e - 2 potions of heal wounds
 f - 2 potions of haste
 q - a potion of magic
 t - 3 potions of lignification
 w - a potion of invisibility
 x - 3 potions of curing


   Skills:
 + Level 5.3(8.8) Fighting
 - Level 11.0(13.3) Maces & Flails
 * Level 7.4(9.8) Polearms
 + Level 5.7 Armour
 + Level 4.2(7.5) Dodging
 + Level 5.6 Shields
 - Level 3.0(6.0) Spellcasting
 + Level 2.1(4.8) Ice Magic
 - Level 3.7(6.9) Earth Magic
 - Level 3.6(5.7) Evocations


You had 11 spell levels left.
You knew the following spells:

 Your Spells              Type           Power      Damage    Failure   Level
a - Sandblast             Erth           30%        2d9       12%         1
b - Ozocubu's Armour      Ice            11%        N/A       63%         3
c - Ozocubu's Refrigerat  Ice            5%         4d6       100%        7

Your spell library contained the following spells:

 Spells                   Type           Power      Damage    Failure   Level
 Magic Dart               Conj           12%        1d3       87%         1
 Searing Ray              Conj           6%         2d4       95%         2
 Fulminant Prism          Conj/Hex       1%         3d6       100%        4
 Summon Lightning Spire   Summ/Air       3%         N/A       100%        4
 Storm Form               Tmut/Air       1%         N/A       100%        7
 Maxwell's Capacitive Co  Air            1%         ∞         100%        8


Dungeon Overview and Level Annotations

Branches:
Dungeon (10/15)            Temple (1/1) D:5            Lair (0/6) D:8
    Orc (0/2) D:9           Sewer (visited)

Altars:
Ashenzari
Cheibriados
Dithmenos
Elyvilon
Fedhas
Gozag
Hepliaklqana
Kikubaaqudgha
Makhleb
Nemelex Xobeh
Okawaru
Qazlal
Ru
Sif Muna
Trog
Uskayaw
Vehumet
Xom
Yredelemnul
Zin
The Shining One

Annotations:
D:4 exclusion: oklob plant
D:9 1 runed translucent door


Innate Abilities, Weirdness & Mutations

You are immune to sickness and miasma.
Your stone body is resilient. (AC +8)
You are immune to poison.
You resist negative energy. (rN+)
You are resistant to electric shocks. (rElec)
You are resistant to unholy torment.
You are immune to petrification.


Message History

Okay, then.
A boulder beetle comes into view.
You barely miss the kobold. You hit the kobold.
You kill the kobold!
The kobold brigand throws a poisoned dart.
The poisoned dart closely misses you.
The kobold brigand throws a poisoned dart.
The poisoned dart hits you!
The boulder beetle curls into a ball and begins rolling!
The kobold brigand throws a poisoned dart.
The poisoned dart hits you!
The boulder beetle curls into a ball and begins rolling!
The kobold brigand throws a poisoned dart.
You block the poisoned dart.
The boulder beetle stops rolling and uncurls.
The boulder beetle leaps!
Unknown command.
Reach: h) +10 spear of Ashenzari's Dismay {drain, Contam *Rage rC+++ Str+6, Alch, Elem} (curse)
Press: ? - help, Dir - move target, f - kobold
Aim: a kobold, wielding a +0 short sword and quivering stones (about 31% to evade the cursed +10 spear of Ashenzari's Dismay)
You reach to attack!
You puncture the kobold!
You kill the kobold!
You puncture the kobold brigand! You drain the kobold brigand.
The kobold brigand is heavily wounded.
You puncture the kobold brigand! You drain the kobold brigand.
You kill the kobold brigand!
You barely miss the kobold. You impale the kobold!!
You kill the kobold!
Items here: ( )) †.
Okay, then.
A boulder beetle is nearby!
The boulder beetle curls into a ball and begins rolling!
The boulder beetle hits you!!
The boulder beetle stops rolling and uncurls.
The boulder beetle curls into a ball and begins rolling!
The boulder beetle hits you!!!
Ouch! That really hurt!
You die...

.### ##.....^..## , * * .#
#..........# . ##
#..........##. ###
##..........#..* ,# ###
#...........#.#* ,.#
.######.>.........#.# *..#
°.......#........##.####...#
* .°.°...###..°°○.....#....#
,
.##.......#####B@........#.#
,
....................<......#
*
##.######.####.............#
*#.# #.# #.......).....# ,
.. #.# ##..........#.# ###*
#.# ##...##....# # #.. ,
...### ##.## ### ###.= .#
##.# * *.# ,


You could see a boulder beetle (rolling).

Vanquished Creatures
  Erica (D:8)
  A troll (D:9)
  Prince Ribbit (D:8)
  3 wyverns (D:8)
  A wraith (D:9)
  13 yaks
  3 steam dragons
  An acid dragon (D:9)
  5 water moccasins
  4 orc warriors
  2 sky beasts
  A hornet zombie (D:8)
  2 ice beasts (D:6)
  2 black bears
  A tengu (shapeshifter) (D:8)
  4 necrophages
  7 centaurs
  2 phantoms (D:5)
  3 kobold brigands
  2 bullfrogs (Sewer)
  A gnoll sergeant (D:9)
  4 scorpions
  A water moccasin zombie (D:5)
  5 killer bees (D:8)
  10 wights
  5 hounds
  2 bullfrog skeletons
  A human zombie (D:9)
  3 orc priests
  4 centaur zombies
  2 gnoll shamans (D:7)
  A jelly (D:5)
  Natasha (twice) (D:2)
  3 centaur skeletons
  An iguana (D:8)
  Terence (D:2)
  2 orc wizards
  A hound skeleton (D:5)
  2 howler monkey zombies
  12 adders
  12 gnolls
  An ufetubus (D:7)
  An adder zombie (D:5)
  An adder skeleton (D:4)
  2 worms
  2 dart slugs
  26 orcs
  4 endoplasms
  12 giant cockroaches
  7 goblins
  7 hobgoblins
  8 jackals
  22 kobolds
  10 quokkas
  8 ball pythons
  5 bats
  11 frilled lizards
  8 rats
269 creatures vanquished.

Vanquished Creatures (others)
  2 kobolds (D:9)
  25 fungi
  57 plants
84 creatures vanquished.

Grand Total: 353 creatures vanquished

Notes
Turn   | Place    | Note
-------+----------+-------------------------------------------
     0 | D:1      | Gildeon the Gargoyle Fighter began the quest for the Orb.
     0 | D:1      | Reached XP level 1. HP: 14/14 MP: 1/1
   311 | D:1      | Reached XP level 2. HP: 19/19 MP: 2/2
   373 | D:1      | Reached skill level 3 in Maces & Flails
   718 | D:1      | Reached XP level 3. HP: 23/23 MP: 3/3
  1139 | D:2      | Noticed Terence
  1149 | D:2      | Killed Terence
  1150 | D:2      | Reached skill level 4 in Maces & Flails
  1249 | D:2      | Reached XP level 4. HP: 27/28 MP: 4/4
  1369 | D:2      | Noticed Natasha
  1388 | D:2      | Killed Natasha
  1648 | D:2      | Noticed Natasha
  1719 | D:2      | Killed Natasha
  2134 | D:2      | Reached skill level 5 in Maces & Flails
  2239 | D:2      | Reached XP level 5. HP: 32/32 MP: 5/5
  2620 | D:3      | Found a faded altar of an unknown god.
  2625 | D:3      | Got Plato's Papyrus of Clay
  2628 | D:3      | Learned a level 1 spell: Sandblast
  3301 | D:4      | Noticed a black bear
  3313 | D:4      | Killed a black bear
  3314 | D:4      | Reached skill level 6 in Maces & Flails
  3314 | D:4      | Reached XP level 6. HP: 37/37 MP: 6/6
  3320 | D:4      | Noticed a necrophage
  3327 | D:4      | Killed a necrophage
  3328 | D:4      | Reached skill level 7 in Maces & Flails
  3395 | D:4      | Found a glowing golden altar of the Shining One.
  3497 | D:4      | Reached XP level 7. HP: 40/41 MP: 7/7
  3598 | D:4      | Found a glowing drain.
  3610 | Sewer    | Entered a sewer
  3962 | Sewer    | Reached skill level 8 in Maces & Flails
  4845 | D:4      | Found a blossoming altar of Fedhas.
  4882 | D:4      | Noticed an oklob plant
  5146 | D:5      | Entered Level 5 of the Dungeon
  5184 | D:5      | Reached skill level 9 in Maces & Flails
  5184 | D:5      | Reached XP level 8. HP: 13/46 MP: 8/8
  5759 | D:5      | Reached skill level 10 in Maces & Flails
  5779 | D:5      | Found a staircase to the Ecumenical Temple.
  5791 | Temple   | Entered the Ecumenical Temple
  5820 | Temple   | Became a worshipper of Ashenzari the Shackled
  6700 | D:6      | Reached skill level 1 in Dodging
  6777 | D:6      | Reached XP level 9. HP: 47/52 MP: 9/9
  7442 | D:7      | Reached skill level 11 in Maces & Flails
  7563 | D:7      | Reached * piety under Ashenzari
  7563 | D:7      | Identified a scroll of acquirement
  7563 | D:7      | Identified the +10 spear of the Pill Bug {drain, Contam
                  | *Rage rC+++ Str+6}
  7568 | D:7      | Acquired the +1 helmet of Anarchy {rElec rN+++ MP-9 SInv}
  7727 | D:7      | Found a bloodstained altar of Trog.
  7848 | D:7      | Reached skill level 1 in Polearms
  7887 | D:7      | Reached skill level 5 in Armour
  7887 | D:7      | Reached skill level 5 in Shields
  7928 | D:7      | Reached skill level 1 in Earth Magic
  8276 | D:7      | Reached skill level 1 in Spellcasting
  8284 | D:7      | Reached skill level 1 in Evocations
  8655 | D:7      | Reached ** piety under Ashenzari
  8719 | D:7      | Reached XP level 10. HP: 61/61 MP: 5/14
  8968 | D:6      | Found a burning altar of Makhleb.
  8968 | D:6      | Found a sacrificial altar of Ru.
  9139 | D:8      | Noticed Prince Ribbit
  9194 | D:8      | Killed Prince Ribbit
  9199 | D:8      | Found a staircase to the Lair.
  9603 | D:8      | Reached skill level 5 in Polearms
  9808 | D:8      | Noticed Erica
  9823 | D:8      | Killed Erica
  9824 | D:8      | Reached XP level 11. HP: 66/66 MP: 9/18
  9881 | D:8      | Learned a level 3 spell: Ozocubu's Armour
  9889 | D:8      | Learned a level 7 spell: Ozocubu's Refrigeration
  9923 | D:8      | Found a shimmering altar of Xom.
  9926 | D:8      | Found a shimmering altar of Xom.
  9927 | D:8      | Found a shimmering altar of Xom.
  9929 | D:8      | Found a shimmering altar of Xom.
 10533 | D:9      | Found a staircase to the Orcish Mines.
 10555 | D:9      | Reached skill level 1 in Ice Magic
 10985 | D:9      | Reached skill level 5 in Fighting
 11036 | D:9      | Reached *** piety under Ashenzari
 11163 | D:9      | Found a runed translucent door.
 11164 | D:9      | Found a basalt altar of Yredelemnul.
 11369 | D:9      | Found an iron altar of Okawaru.
 11724 | D:10     | Entered Level 10 of the Dungeon
 11785 | D:10     | Found an opulent altar of Gozag.
 11789 | D:10     | Upgraded the game from 0.28-a0-1374-ga75cb3825e to
                  | 0.28-a0-1382-g92835e5c71
 11854 | D:10     | Reached **** piety under Ashenzari
 11855 | D:10     | Noticed a boulder beetle
 11896 | D:10     | Slain by a boulder beetle

Illustrated notes

Levels and vault maps discovered:
D:1:      lemuel_arrival_muddy, layout_basic
D:2:      layout_basic, uniq_natasha, uniq_terence
D:3:      minmay_door_path, layout_rooms, shapermc_ecumenical_altar_rom_forum
D:4:      layout_loops_corners, tgw_fedhas, mainiacjoe_overflow_small_starburst,
          gup_sewer_entry_bubbles, minmay_fractal_squares_diagonal_5
D:5:      layout_loops_corners, temple_fountains
D:6:      layout_gridville, nicolae_overflow_hidden_temple
D:7:      nicolae_whirlpool, layout_cave_pods, trog_three_pillars_becter
D:8:      layout_basic, xom_redecorated, minmay_lair_entry_grove,
          chequers_mini_garden, uniq_erica, uniq_prince_ribbit1
D:9:      layout_big_octagon, mainiacjoe_overflow_tiny_flanked,
          dk_yredelemnul_ordeal, orc_0_dummy, kennysheep_donut
D:10:     layout_rooms, lemuel_doored_altar, nicolae_gozag_seed_capital
Temple:   hc_temple_tempest_star

Skill      XL: |  1  2  3  4  5  6  7  8  9 10 11 |
---------------+----------------------------------+-----
Maces & Flails | 3 4 5 6 7 9 10 11 | 11.0
Dodging        | 1 3 4 |  4.2
Fighting       | 4 5 |  5.3
Armour         | 4 5 |  5.7
Shields        | 4 5 |  5.6
Polearms       | 2 6 7 |  7.4
Earth Magic    | 2 3 |  3.7
Spellcasting   | 1 3 |  3.0
Evocations     | 1 3 |  3.6
Ice Magic      | 2 |  2.1

Action                   |  1- 3 |  4- 6 |  7- 9 | 10-12 || total
-------------------------+-------+-------+-------+-------++-------
Melee: Flail             |    92 |   235 |   399 |       ||   726
       Unarmed           |       |     8 |       |       ||     8
       Spear             |       |       |    68 |   262 ||   330
Invok: Curse Item        |       |       |     3 |     3 ||     6
  Use: Potion            |       |     1 |       |     1 ||     2
       Scroll            |       |       |     1 |     2 ||     3
Armor: Scale mail        |    56 |   137 |       |       ||   193
       Chain mail        |       |     3 |   198 |       ||   201
       Plate armour      |       |       |   124 |   164 ||   288
Dodge: Dodged            |    52 |   124 |   166 |    97 ||   439
Block: Buckler           |    15 |    44 |   118 |    50 ||   227

Table legend: (Time is in decaauts)
 A = Elapsed time spent in this place.
 B = Non-inter-level travel time spent in this place.
 C = Inter-level travel time spent in this place.
 D = Time resting spent in this place.
 E = Time spent auto-exploring this place.
 F = Levels seen in this place.
 G = Mean time per level.
                   A        B        C        D        E       F      G
               +--------+--------+--------+--------+--------+-----+--------+
         Total |  12066 |  11679 |    387 |    518 |   8576 |  12 | 1005.5 |
       Dungeon |  11406 |  11021 |    385 |    518 |   8185 |  10 | 1140.6 |
        Temple |    241 |    239 |      2 |      0 |    221 |   1 |  241.0 |
         Sewer |    418 |    418 |      0 |      0 |    170 |   1 |  418.0 |
               +--------+--------+--------+--------+--------+-----+--------+

Top non-repeatable levels by time:
     D:7: 1630 daAuts
     D:8: 1593 daAuts
     D:4: 1493 daAuts
     D:2: 1283 daAuts
     D:5: 1276 daAuts
     D:9: 1198 daAuts
     D:1: 1062 daAuts
     D:3: 985 daAuts
     D:6: 724 daAuts
   Sewer: 418 daAuts
  Temple: 241 daAuts
    D:10: 159 daAuts
